Avalanche vs Blues
(R3)
Created - May 25, 2021 at 19:16
Goals
|
Avalanche |
3 |
0 |
1 |
4 |
Blues |
2 |
3 |
0 |
5 |
|
Shots
|
Avalanche |
14 |
7 |
17 |
38 |
Blues |
10 |
9 |
12 |
31 |
|
1st period
1. Avalanche , Mikkel Boedker 6 (Patric Hornqvist 6, Erik Karlsson 5) at 4:04
2. Blues , Vincent Lecavalier 2 (Linus Omark 2, Jacob Slavin 3) at 7:25
3. Blues , Fabian Brunnstrom 1 (Drew Shore 1, Alex Pietrangelo 8) at 12:59
4. Avalanche , Mikkel Boedker 7 (Colten Teubert 2, Erik Karlsson 6) at 17:18
5. Avalanche , Marc Staal 1 (Mikkel Boedker 8, Bryan Little 7) at 18:26 (PP)
Penalties :
Filip Forsberg (STL) for Tripping (Minor) at 9:41, Drew Shore (STL) for Holding (Minor) at 10:05, Paul Stastny (Col) for Delaying the game (Minor) at 14:46, Alex Pietrangelo (STL) for Tripping (Minor) at 17:21
2nd period
6. Blues , Nicklas Backstrom 5 (David Perron 8, Tyler Johnson 8) at 4:14 (PP)
7. Blues , Kevin Hayes 3 (Ryan O'Reilly 5, Alex Pietrangelo 9) at 8:02
8. Blues , Anthony Mantha 1 (Fabian Brunnstrom 1, Drew Shore 2) at 9:41
Penalties :
Mattias Ekholm (Col) for Interference (Minor) at 2:47, David Perron (STL) for Hooking (Minor) at 11:02, Yann Sauvé (STL) for High sticking (Minor) at 11:25, Patric Hornqvist (Col) for Cross-checking (Minor) at 15:52
3rd period
9. Avalanche , Patric Hornqvist 2 (Jack Johnson 4, Bryan Little 8) at 9:25 (PP)
Penalties :
Vincent Lecavalier (STL) for Hooking (Minor) at 8:27, Patric Hornqvist (Col) for Holding (Minor) at 12:39, Fabian Brunnstrom (STL) for Unsportsmanlike conduct (Minor) at 19:02
Goalie Stats
Cam Ward (Col), 14 saves from 14 shots - (1.000), 29:09 minutes
Semyon Varlamov (Col), 12 saves from 17 shots - (0.706), L, 0-4-0, 29:41 minutes
Carey Price (STL), 34 saves from 38 shots - (0.895), W, 6-1-1, 60:00 minutes
Players Stats for Avalanche
Player Name G A P +/- PIM S H SB GA TA FO MP PP MP PK MP
------------------------------------------------------------------------------------
Andrew Ladd 0 0 0 0 0 1 2 0 0 0 0/0 13:09 0:00 2:39
Bryan Little 0 2 2 1 0 5 1 0 0 0 19/37 19:45 5:34 0:00
Charlie Coyle 0 0 0 0 0 0 0 0 0 0 6/15 14:32 0:00 4:13
Colten Teubert 0 1 1 1 0 4 1 0 1 0 0/0 20:39 2:04 3:31
Danny Richmond 0 0 0 -2 0 0 0 0 0 0 0/0 12:25 0:00 0:51
Erik Karlsson 0 2 2 1 0 2 2 1 0 2 0/0 21:10 5:41 0:00
Evgeny Dadonov 0 0 0 -1 0 1 0 0 0 0 0/0 15:16 2:11 0:00
Jack Johnson 0 1 1 -1 0 1 0 3 1 2 0/0 23:47 2:04 3:53
James Van Riemsdyk 0 0 0 -1 0 2 3 0 0 0 0/0 15:50 2:11 0:09
Kyle Turris 0 0 0 -2 0 0 0 0 0 0 0/2 9:29 0:00 2:20
Luke Witkowski 0 0 0 -2 0 1 0 1 0 1 0/0 10:55 0:00 4:15
Marc Staal 1 0 1 -1 0 4 2 4 0 3 0/0 27:47 5:41 3:53
Mattias Ekholm 0 0 0 -2 2 2 2 0 0 1 0/0 14:11 0:00 2:40
Mikkel Boedker 2 1 3 1 0 8 3 0 1 1 1/1 19:45 5:34 0:00
Patric Hornqvist 1 1 2 1 4 3 0 0 0 0 2/2 19:54 5:34 0:00
Paul Stastny 0 0 0 -1 2 2 3 0 0 0 6/7 15:40 2:11 0:00
Peter Prucha 0 0 0 0 0 2 0 0 0 0 0/0 11:38 0:00 1:12
Tomas Tatar 0 0 0 -2 0 0 0 0 0 0 1/1 6:40 0:00 0:00
Players Stats for Blues
Player Name G A P +/- PIM S H SB GA TA FO MP PP MP PK MP
------------------------------------------------------------------------------------
Alex Pietrangelo 0 2 2 1 2 2 2 0 1 0 0/0 27:17 4:39 2:07
Anthony Mantha 1 0 1 2 0 1 2 0 0 0 0/0 9:26 0:00 0:00
Brandon Yip 0 0 0 0 0 2 0 2 0 0 0/0 7:24 0:24 0:00
Cody Ceci 0 0 0 2 0 0 0 1 0 0 0/0 14:54 0:00 5:00
David Perron 0 1 1 0 2 1 1 0 2 0 0/0 17:52 4:34 0:18
Drew Shore 0 2 2 2 2 0 0 1 0 1 6/16 13:17 0:00 3:51
Fabian Brunnstrom 1 1 2 2 2 2 0 0 1 0 1/1 9:28 0:03 0:00
Filip Forsberg 0 0 0 0 2 2 2 0 1 0 2/3 18:40 2:31 0:46
Jacob Slavin 0 1 1 2 0 1 1 0 0 0 0/0 13:55 2:45 0:51
Jake Gardiner 0 0 0 -1 0 1 0 1 0 0 0/0 21:27 4:39 1:29
Kevin Hayes 1 0 1 0 0 2 1 0 1 0 1/1 15:46 2:50 0:00
Linus Omark 0 1 1 0 0 1 1 0 0 0 0/0 7:40 0:40 0:00
Nicklas Backstrom 1 0 1 0 0 4 1 0 1 0 14/28 21:25 4:10 1:46
Ryan Murray 0 0 0 1 0 1 1 0 0 1 0/0 25:08 2:45 2:45
Ryan O'Reilly 0 1 1 0 0 3 0 0 0 0 5/11 16:13 2:50 0:27
Tyler Johnson 0 1 1 0 0 3 2 0 2 0 0/1 24:49 4:10 5:10
Vincent Lecavalier 1 0 1 0 2 3 0 0 0 0 1/4 6:59 0:00 0:00
Yann Sauvé 0 0 0 -1 2 2 2 0 1 1 0/0 17:17 0:00 3:17
3 Stars
1 - Mikkel Boedker (Col)
2 - Anthony Mantha (STL)
3 - Fabian Brunnstrom (STL)
Power Play
Avalanche - 2 on 7 Attempt(s) - 28.57%
Blues - 1 on 4 Attempt(s) - 25.00%
Penalty Kill
Avalanche - 3 on 4 Attempt(s) - 75.00%
- Score 0 goal in Penalty Kill
Blues - 5 on 7 Attempt(s) - 71.43%
- Score 0 goal in Penalty Kill
Team Stat
Avalanche - Hits : 19 - Faceoff Wins : 35 - Blocked Shots : 9 - Penalty Minutes : 8
Blues - Hits : 16 - Faceoff Wins : 30 - Blocked Shots : 5 - Penalty Minutes : 14
Official
Referees : Unknown
Linesman : Unknown
Game Notes
Cam Ward enters game at 9:41 of 2nd period
Finance
Level 1 -- Attendance: 6000 (100.00%) -- Ticket Income $690,000
Level 2 -- Attendance: 4847 (96.94%) -- Ticket Income $363,525
Level 3 -- Attendance: 1934 (96.70%) -- Ticket Income $96,700
Level 4 -- Attendance: 3940 (98.50%) -- Ticket Income $137,900
Luxury Box -- Attendance: 1000 (100.00%) -- Ticket Income $225,000
Game was played at the Scotttrade center.
Total Attendance: 17721 (98.45%)
Total Ticket Income: $1,513,125
Other Income: $226,969
Total Income: $1,740,094
Avalanche
5 vs 5 Forward
Center Left Wing Right Wing Time % Phy DF OF
1 Bryan Little Mikkel Boedker Patric Hornqvist 35 1 2 2
2 Paul Stastny James Van Riemsdyk Evgeny Dadonov 30 1 2 2
3 Charlie Coyle Andrew Ladd Peter Prucha 25 1 2 2
4 Kyle Turris Tomas Tatar Luke Witkowski 10 1 2 2
5 vs 5 Defense
Defense Defense Time % Phy DF OF
1 Jack Johnson Marc Staal 40 1 2 2
2 Erik Karlsson Colten Teubert 35 1 2 2
3 Mattias Ekholm Danny Richmond 25 1 2 2
4 Jack Johnson Marc Staal 0 1 2 2
PowerPlay Forward
Center Left Wing Right Wing Time % Phy DF OF
1 Bryan Little Mikkel Boedker Patric Hornqvist 60 1 2 2
2 Paul Stastny James Van Riemsdyk Evgeny Dadonov 40 1 2 2
PowerPlay Defense
Defense Defense Time % Phy DF OF
1 Erik Karlsson Marc Staal 60 1 2 2
2 Jack Johnson Colten Teubert 40 1 2 2
Penalty Kill 4 Players Forward
Center Wing Time % Phy DF OF
1 Charlie Coyle Luke Witkowski 60 1 2 2
2 Kyle Turris Andrew Ladd 40 1 2 2
Penalty Kill 4 Players Defense
Defense Defense Time % Phy DF OF
1 Jack Johnson Marc Staal 60 1 2 2
2 Mattias Ekholm Colten Teubert 40 1 2 2
Penalty Kill - 3 Players Forward
Forward Time % Phy DF OF
1 Mikkel Boedker 60 1 2 2
2 Patric Hornqvist 40 1 2 2
Penalty Kill - 3 Players Defense
Defense Defense Time % Phy DF OF
1 Jack Johnson Marc Staal 60 1 2 2
2 Erik Karlsson Colten Teubert 40 1 2 2
4 vs 4 Forward
Center Wing Time % Phy DF OF
1 Mikkel Boedker Patric Hornqvist 60 1 2 2
2 Bryan Little Paul Stastny 40 1 2 2
4 vs 4 Defense
Defense Defense Time % Phy DF OF
1 Jack Johnson Marc Staal 60 1 2 2
2 Erik Karlsson Colten Teubert 40 1 2 2
Last Minutes Offensive
Center Left Wing Right Wing Defense Defense
Bryan Little Mikkel Boedker Patric Hornqvist Jack Johnson Erik Karlsson
Last Minutes Defensive
Center Left Wing Right Wing Defense Defense
Bryan Little Mikkel Boedker Patric Hornqvist Jack Johnson Marc Staal
Goaltenders
Starting : Semyon Varlamov
Backup : Cam Ward
Extra Forwards
Normal : Charlie Coyle, Andrew Ladd, Peter Prucha - PP : Charlie Coyle, Andrew Ladd - PK : Peter Prucha
Extra Defensemen
Normal : Colten Teubert, Danny Richmond, Erik Karlsson - PP : Mattias Ekholm - PK : Danny Richmond, Erik Karlsson
Penalty Shots
Mikkel Boedker, Patric Hornqvist, Bryan Little, Paul Stastny, Evgeny Dadonov
Scratches
None
Blues
5 vs 5 Forward
Center Left Wing Right Wing Time % Phy DF OF
1 Nicklas Backstrom Filip Forsberg Tyler Johnson 40 1 2 2
2 Ryan O'Reilly David Perron Kevin Hayes 30 1 2 2
3 Drew Shore Fabian Brunnstrom Anthony Mantha 20 1 2 2
4 Vincent Lecavalier Linus Omark Brandon Yip 10 1 2 2
5 vs 5 Defense
Defense Defense Time % Phy DF OF
1 Alex Pietrangelo Ryan Murray 40 1 2 2
2 Yann Sauvé Jake Gardiner 30 1 2 2
3 Cody Ceci Jacob Slavin 20 1 2 2
4 Alex Pietrangelo Jake Gardiner 10 1 2 2
PowerPlay Forward
Center Left Wing Right Wing Time % Phy DF OF
1 Nicklas Backstrom David Perron Tyler Johnson 60 1 1 3
2 Ryan O'Reilly Filip Forsberg Kevin Hayes 40 1 1 3
PowerPlay Defense
Defense Defense Time % Phy DF OF
1 Alex Pietrangelo Jake Gardiner 60 1 2 2
2 Jacob Slavin Ryan Murray 40 1 2 2
Penalty Kill 4 Players Forward
Center Wing Time % Phy DF OF
1 Drew Shore Tyler Johnson 60 1 3 1
2 Ryan O'Reilly David Perron 40 1 3 1
Penalty Kill 4 Players Defense
Defense Defense Time % Phy DF OF
1 Yann Sauvé Cody Ceci 60 2 3 0
2 Ryan Murray Jake Gardiner 40 2 3 0
Penalty Kill - 3 Players Forward
Forward Time % Phy DF OF
1 Nicklas Backstrom 60 1 2 2
2 Tyler Johnson 40 1 2 2
Penalty Kill - 3 Players Defense
Defense Defense Time % Phy DF OF
1 Alex Pietrangelo Cody Ceci 60 1 2 2
2 Ryan Murray Yann Sauvé 40 1 2 2
4 vs 4 Forward
Center Wing Time % Phy DF OF
1 Nicklas Backstrom Tyler Johnson 60 1 2 2
2 Ryan O'Reilly David Perron 40 1 2 2
4 vs 4 Defense
Defense Defense Time % Phy DF OF
1 Alex Pietrangelo Cody Ceci 60 1 2 2
2 Jake Gardiner Yann Sauvé 40 1 2 2
Last Minutes Offensive
Center Left Wing Right Wing Defense Defense
Nicklas Backstrom David Perron Tyler Johnson Alex Pietrangelo Jake Gardiner
Last Minutes Defensive
Center Left Wing Right Wing Defense Defense
Drew Shore David Perron Tyler Johnson Yann Sauvé Cody Ceci
Goaltenders
Starting : Carey Price
Backup : Pascal Leclaire
Extra Forwards
Normal : Kevin Hayes, Vincent Lecavalier, Ryan O'Reilly - PP : Linus Omark, Nicklas Backstrom - PK : Filip Forsberg
Extra Defensemen
Normal : Cody Ceci, Jake Gardiner, Ryan Murray - PP : Yann Sauvé - PK : Jacob Slavin, Jake Gardiner
Penalty Shots
David Perron, Vincent Lecavalier, Filip Forsberg, Tyler Johnson, Nicklas Backstrom
Scratches
Kevin Bieksa (Healthy), Simon Gagné (Healthy)
% Time on Ice - Avalanche
Lines # - Real PCT - Wanted PCT - Time Play
Normal Forward
1 - 33% - 35% - 14:40
2 - 29% - 30% - 13:09
3 - 23% - 25% - 10:19
4 - 15% - 10% - 6:40
Normal Defense
1 - 41% - 40% - 18:10
2 - 34% - 35% - 15:04
3 - 26% - 25% - 11:34
4 - 0% - 0% - 0:00
PP Forward
1 - 72% - 60% - 5:34
2 - 28% - 40% - 2:11
PP Defense
1 - 73% - 60% - 5:41
2 - 27% - 40% - 2:04
PK Forward
1 - 75% - 60% - 5:33
2 - 25% - 40% - 1:51
PK Defense
1 - 52% - 60% - 3:53
2 - 48% - 40% - 3:31
PK3 Forward
1 - 0% - 60%
2 - 0% - 40%
PK3 Defense
1 - 0% - 60%
2 - 0% - 40%
44 Forward
1 - 0% - 60%
2 - 0% - 40%
44 Defense
1 - 0% - 60%
2 - 0% - 40%
Last Minute Offensive - 0:03
Last Minute Defensive - 0:00
Total
Forward - 60:00
Defense - 60:00
|
% Time on Ice - Blues
Lines # - Real PCT - Wanted PCT - Time Play
Normal Forward
1 - 35% - 40% - 15:29
2 - 29% - 30% - 12:56
3 - 21% - 20% - 9:26
4 - 16% - 10% - 7:00
Normal Defense
1 - 42% - 40% - 18:47
2 - 32% - 30% - 14:25
3 - 22% - 20% - 9:54
4 - 4% - 10% - 1:45
PP Forward
1 - 62% - 60% - 4:34
2 - 38% - 40% - 2:50
PP Defense
1 - 63% - 60% - 4:39
2 - 37% - 40% - 2:45
PK Forward
1 - 95% - 60% - 4:21
2 - 5% - 40% - 0:13
PK Defense
1 - 68% - 60% - 3:05
2 - 32% - 40% - 1:29
PK3 Forward
1 - 72% - 60% - 2:17
2 - 28% - 40% - 0:54
PK3 Defense
1 - 60% - 60% - 1:55
2 - 40% - 40% - 1:16
44 Forward
1 - 0% - 60%
2 - 0% - 40%
44 Defense
1 - 0% - 60%
2 - 0% - 40%
Last Minute Offensive - 0:00
Last Minute Defensive - 0:00
Total
Forward - 60:00
Defense - 60:00
|
Play-by-Play
1st period
0:01 of 1st period - Bryan Little wins face-off versus Tyler Johnson in neutral zone.
0:55 of 1st period - Andrew Ladd is hit by Anthony Mantha.
1:18 of 1st period - Snap shot by Tyler Johnson.
1:18 of 1st period - Stopped by Semyon Varlamov without a rebound.
1:19 of 1st period - Vincent Lecavalier wins face-off versus Kyle Turris in Avalanche zone.
1:46 of 1st period - Mikkel Boedker is hit by Kevin Hayes and loses puck.
2:16 of 1st period - Snap shot by Nicklas Backstrom.
2:16 of 1st period - Shot Misses the Net.
2:58 of 1st period - Snap shot by Ryan O'Reilly.
2:58 of 1st period - Shot Blocked by Jack Johnson.
3:16 of 1st period - Snap shot by Mikkel Boedker.
3:16 of 1st period - Shot Hit the Post.
3:18 of 1st period - Snap shot by Patric Hornqvist.
3:18 of 1st period - Stopped by Carey Price without a rebound.
3:19 of 1st period - Nicklas Backstrom wins face-off versus Bryan Little in Blues zone.
3:19 of 1st period - Nicklas Backstrom is hit by Bryan Little.
3:27 of 1st period - Bryan Little is hit by Tyler Johnson and loses puck.
3:32 of 1st period - Wrist shot by Nicklas Backstrom.
3:32 of 1st period - Stopped by Semyon Varlamov without a rebound.
3:33 of 1st period - Paul Stastny wins face-off versus Nicklas Backstrom in Avalanche zone.
3:33 of 1st period - Paul Stastny is hit by Nicklas Backstrom.
4:04 of 1st period - Slapshot by Mikkel Boedker.
4:04 of 1st period - Goal by Mikkel Boedker - Avalanche : 1 - Blues : 0.
4:05 of 1st period - Paul Stastny wins face-off versus Drew Shore in neutral zone.
5:57 of 1st period - Bryan Little is hit by David Perron.
7:17 of 1st period - Wrist shot by Vincent Lecavalier.
7:17 of 1st period - Shot Misses the Net.
7:25 of 1st period - Wrist shot by Linus Omark.
7:25 of 1st period - Deflect By Vincent Lecavalier.
7:25 of 1st period - Goal by Vincent Lecavalier - Avalanche : 1 - Blues : 1.
7:26 of 1st period - Nicklas Backstrom wins face-off versus Bryan Little in neutral zone.
7:39 of 1st period - Wrist shot by Tyler Johnson.
7:39 of 1st period - Stopped by Semyon Varlamov with a rebound.
7:41 of 1st period - Snap shot by Tyler Johnson.
7:41 of 1st period - Shot Misses the Net.
7:43 of 1st period - Slapshot by Ryan Murray.
7:43 of 1st period - Stopped by Semyon Varlamov without a rebound.
7:44 of 1st period - Paul Stastny wins face-off versus Ryan O'Reilly in Avalanche zone.
8:08 of 1st period - Icing by Alex Pietrangelo.
8:09 of 1st period - Nicklas Backstrom wins face-off versus Charlie Coyle in Blues zone.
8:16 of 1st period - Snap shot by Peter Prucha.
8:16 of 1st period - Stopped by Carey Price with a rebound.
9:13 of 1st period - Yann Sauvé is hit by Mattias Ekholm.
9:23 of 1st period - Colten Teubert is hit by Filip Forsberg and loses puck.
9:41 of 1st period - Minor Penalty to Filip Forsberg for Tripping.
9:42 of 1st period - Drew Shore wins face-off versus Bryan Little in Blues zone.
9:57 of 1st period - Slapshot by Mikkel Boedker.
9:57 of 1st period - Shot Blocked by Cody Ceci.
10:05 of 1st period - Minor Penalty to Drew Shore for Holding.
10:06 of 1st period - Bryan Little wins face-off versus Nicklas Backstrom in Blues zone.
11:41 of 1st period - Penalty to Filip Forsberg is over, Filip Forsberg is back on ice.
11:54 of 1st period - Icing by Erik Karlsson.
11:55 of 1st period - Filip Forsberg wins face-off versus Bryan Little in Avalanche zone.
11:58 of 1st period - Snap shot by Filip Forsberg.
11:58 of 1st period - Stopped by Semyon Varlamov with a rebound.
12:00 of 1st period - Wrist shot by Tyler Johnson.
12:00 of 1st period - Shot Misses the Net.
12:02 of 1st period - Slapshot by Ryan Murray.
12:02 of 1st period - Shot Blocked by Erik Karlsson.
12:04 of 1st period - Snap shot by Tyler Johnson.
12:04 of 1st period - Deflect By Filip Forsberg.
12:04 of 1st period - Stopped by Semyon Varlamov without a rebound.
12:05 of 1st period - Penalty to Drew Shore is over, Drew Shore is back on ice.
12:05 of 1st period - Ryan O'Reilly wins face-off versus Charlie Coyle in Avalanche zone.
12:37 of 1st period - Wrist shot by Evgeny Dadonov.
12:37 of 1st period - Stopped by Carey Price with a rebound.
12:59 of 1st period - Snap shot by Fabian Brunnstrom.
12:59 of 1st period - Goal by Fabian Brunnstrom - Avalanche : 1 - Blues : 2.
13:00 of 1st period - Bryan Little wins face-off versus Nicklas Backstrom in neutral zone.
14:46 of 1st period - Minor Penalty to Paul Stastny for Delaying the game.
14:47 of 1st period - Nicklas Backstrom wins face-off versus Charlie Coyle in Avalanche zone.
14:48 of 1st period - Wrist shot by David Perron.
14:48 of 1st period - Shot Misses the Net.
14:54 of 1st period - Slapshot by Nicklas Backstrom.
14:54 of 1st period - Shot Misses the Net.
14:56 of 1st period - Slapshot by Jake Gardiner.
14:56 of 1st period - Shot Blocked by Marc Staal.
14:58 of 1st period - Slapshot by Jake Gardiner.
14:58 of 1st period - Stopped by Semyon Varlamov without a rebound.
14:59 of 1st period - Charlie Coyle wins face-off versus Nicklas Backstrom in Avalanche zone.
16:09 of 1st period - Mattias Ekholm is hit by Filip Forsberg and loses puck.
16:46 of 1st period - Penalty to Paul Stastny is over, Paul Stastny is back on ice.
17:00 of 1st period - Wrist shot by Paul Stastny.
17:00 of 1st period - Stopped by Carey Price with a rebound.
17:02 of 1st period - Snap shot by Paul Stastny.
17:02 of 1st period - Shot Misses the Net.
17:04 of 1st period - Snap shot by James Van Riemsdyk.
17:04 of 1st period - Shot Blocked by Drew Shore.
17:06 of 1st period - Wrist shot by Mattias Ekholm.
17:06 of 1st period - Stopped by Carey Price with a rebound.
17:08 of 1st period - Slapshot by Erik Karlsson.
17:08 of 1st period - Shot Misses the Net.
17:10 of 1st period - Wrist shot by James Van Riemsdyk.
17:10 of 1st period - Stopped by Carey Price without a rebound.
17:11 of 1st period - Bryan Little wins face-off versus Vincent Lecavalier in Blues zone.
17:14 of 1st period - Slapshot by Erik Karlsson.
17:14 of 1st period - Shot Blocked by Brandon Yip.
17:16 of 1st period - Slapshot by Colten Teubert.
17:16 of 1st period - Deflect By Yann Sauvé.
17:16 of 1st period - Stopped by Carey Price with a rebound.
17:18 of 1st period - Slapshot by Mikkel Boedker.
17:18 of 1st period - Goal by Mikkel Boedker - Avalanche : 2 - Blues : 2.
17:19 of 1st period - Nicklas Backstrom wins face-off versus Bryan Little in neutral zone.
17:21 of 1st period - Minor Penalty to Alex Pietrangelo for Tripping.
17:22 of 1st period - Bryan Little wins face-off versus Drew Shore in Blues zone.
17:32 of 1st period - Slapshot by Mikkel Boedker.
17:32 of 1st period - Shot Misses the Net.
17:34 of 1st period - Wrist shot by Patric Hornqvist.
17:34 of 1st period - Shot Misses the Net.
17:36 of 1st period - Slapshot by Marc Staal.
17:36 of 1st period - Stopped by Carey Price without a rebound.
17:37 of 1st period - Bryan Little wins face-off versus Drew Shore in Blues zone.
17:46 of 1st period - Slapshot by Bryan Little.
17:46 of 1st period - Stopped by Carey Price without a rebound.
17:47 of 1st period - Drew Shore wins face-off versus Bryan Little in Blues zone.
18:22 of 1st period - Slapshot by Mikkel Boedker.
18:22 of 1st period - Stopped by Carey Price with a rebound.
18:24 of 1st period - Slapshot by Marc Staal.
18:24 of 1st period - Stopped by Carey Price with a rebound.
18:26 of 1st period - Slapshot by Marc Staal.
18:26 of 1st period - Goal by Marc Staal - Avalanche : 3 - Blues : 2.
18:27 of 1st period - Ryan O'Reilly wins face-off versus Paul Stastny in neutral zone.
18:57 of 1st period - Slapshot by Yann Sauvé.
18:57 of 1st period - Stopped by Semyon Varlamov without a rebound.
18:58 of 1st period - Nicklas Backstrom wins face-off versus Bryan Little in Avalanche zone.
19:04 of 1st period - Off-side.
19:05 of 1st period - Nicklas Backstrom wins face-off versus Bryan Little in neutral zone.
19:20 of 1st period - Slapshot by Bryan Little.
19:20 of 1st period - Shot Misses the Net.
19:40 of 1st period - Slapshot by Ryan O'Reilly.
19:40 of 1st period - Shot Misses the Net.
Goals for this period are 3 for Avalanche vs 2 for Blues.
Shots for this period are 14 for Avalanche vs 10 for Blues.
2nd period
0:01 of 2nd period - Patric Hornqvist wins face-off versus Nicklas Backstrom in neutral zone.
0:04 of 2nd period - Filip Forsberg is hit by Mikkel Boedker and loses puck.
0:27 of 2nd period - Ryan O'Reilly is hit by Andrew Ladd and loses puck.
0:37 of 2nd period - Slapshot by Colten Teubert.
0:37 of 2nd period - Stopped by Carey Price with a rebound.
0:39 of 2nd period - Snap shot by Peter Prucha.
0:39 of 2nd period - Shot Misses the Net.
0:41 of 2nd period - Snap shot by Colten Teubert.
0:41 of 2nd period - Stopped by Carey Price without a rebound.
0:42 of 2nd period - Fabian Brunnstrom wins face-off versus Bryan Little in Blues zone.
0:59 of 2nd period - Wrist shot by Patric Hornqvist.
0:59 of 2nd period - Stopped by Carey Price with a rebound.
1:56 of 2nd period - Wrist shot by Vincent Lecavalier.
1:56 of 2nd period - Stopped by Semyon Varlamov with a rebound.
2:47 of 2nd period - Minor Penalty to Mattias Ekholm for Interference.
2:48 of 2nd period - Charlie Coyle wins face-off versus Nicklas Backstrom in Avalanche zone.
3:15 of 2nd period - Backhand shot by Filip Forsberg.
3:15 of 2nd period - Shot Misses the Net.
3:21 of 2nd period - Wrist shot by Ryan O'Reilly.
3:21 of 2nd period - Shot Blocked by Marc Staal.
3:23 of 2nd period - Snap shot by Ryan O'Reilly.
3:23 of 2nd period - Deflect By Filip Forsberg.
3:23 of 2nd period - Shot Misses the Net.
3:23 of 2nd period - Puck is out of play.
3:24 of 2nd period - Nicklas Backstrom wins face-off versus Charlie Coyle in Avalanche zone.
3:29 of 2nd period - Backhand shot by Alex Pietrangelo.
3:29 of 2nd period - Deflect By Charlie Coyle.
3:29 of 2nd period - Stopped by Semyon Varlamov with a rebound.
4:14 of 2nd period - Backhand shot by Nicklas Backstrom.
4:14 of 2nd period - Goal by Nicklas Backstrom - Avalanche : 3 - Blues : 3.
4:15 of 2nd period - Bryan Little wins face-off versus Drew Shore in neutral zone.
4:17 of 2nd period - Off-side.
4:18 of 2nd period - Bryan Little wins face-off versus Drew Shore in neutral zone.
5:26 of 2nd period - Cody Ceci is hit by Marc Staal and loses puck.
5:35 of 2nd period - Wrist shot by Luke Witkowski.
5:35 of 2nd period - Stopped by Carey Price with a rebound.
5:37 of 2nd period - Snap shot by Jack Johnson.
5:37 of 2nd period - Shot Blocked by Brandon Yip.
7:12 of 2nd period - David Perron is hit by Mikkel Boedker.
7:49 of 2nd period - Wrist shot by Alex Pietrangelo.
7:49 of 2nd period - Shot Misses the Net.
7:51 of 2nd period - Slapshot by Alex Pietrangelo.
7:51 of 2nd period - Stopped by Semyon Varlamov with a rebound.
8:00 of 2nd period - Snap shot by Ryan O'Reilly.
8:00 of 2nd period - Stopped by Semyon Varlamov with a rebound.
8:02 of 2nd period - Slapshot by Kevin Hayes.
8:02 of 2nd period - Goal by Kevin Hayes - Avalanche : 3 - Blues : 4.
8:03 of 2nd period - Filip Forsberg wins face-off versus Bryan Little in neutral zone.
8:35 of 2nd period - Alex Pietrangelo is hit by Andrew Ladd and loses puck.
9:06 of 2nd period - Linus Omark is hit by James Van Riemsdyk and loses puck.
9:27 of 2nd period - Snap shot by Nicklas Backstrom.
9:27 of 2nd period - Shot Misses the Net.
9:29 of 2nd period - Slapshot by Alex Pietrangelo.
9:29 of 2nd period - Shot Misses the Net.
9:41 of 2nd period - Snap shot by Fabian Brunnstrom.
9:41 of 2nd period - Deflect By Anthony Mantha.
9:41 of 2nd period - Goal by Anthony Mantha - Avalanche : 3 - Blues : 5.
9:41 of 2nd period - Cam Ward enters game.
9:42 of 2nd period - Bryan Little wins face-off versus Nicklas Backstrom in neutral zone.
10:09 of 2nd period - Colten Teubert is hit by Yann Sauvé and loses puck.
10:15 of 2nd period - Off-side.
10:16 of 2nd period - Paul Stastny wins face-off versus Ryan O'Reilly in neutral zone.
10:18 of 2nd period - Off-side.
10:19 of 2nd period - Paul Stastny wins face-off versus Nicklas Backstrom in neutral zone.
11:02 of 2nd period - Minor Penalty to David Perron for Hooking.
11:03 of 2nd period - Drew Shore wins face-off versus Bryan Little in Blues zone.
11:03 of 2nd period - Drew Shore is hit by Erik Karlsson.
11:25 of 2nd period - Minor Penalty to Yann Sauvé for High sticking.
11:26 of 2nd period - Nicklas Backstrom wins face-off versus Bryan Little in Blues zone.
12:27 of 2nd period - Ryan Murray is hit by Colten Teubert and loses puck.
13:02 of 2nd period - Penalty to David Perron is over, David Perron is back on ice.
13:25 of 2nd period - Penalty to Yann Sauvé is over, Yann Sauvé is back on ice.
13:44 of 2nd period - Slapshot by Andrew Ladd.
13:44 of 2nd period - Stopped by Carey Price with a rebound.
14:02 of 2nd period - Slapshot by Brandon Yip.
14:02 of 2nd period - Stopped by Cam Ward without a rebound.
14:03 of 2nd period - Nicklas Backstrom wins face-off versus Charlie Coyle in Avalanche zone.
14:28 of 2nd period - Tyler Johnson is hit by Paul Stastny and loses puck.
15:12 of 2nd period - Filip Forsberg is hit by Mattias Ekholm and loses puck.
15:29 of 2nd period - Wrist shot by Tyler Johnson.
15:29 of 2nd period - Stopped by Cam Ward without a rebound.
15:30 of 2nd period - Bryan Little wins face-off versus Ryan O'Reilly in Avalanche zone.
15:30 of 2nd period - Bryan Little is hit by Yann Sauvé.
15:38 of 2nd period - Slapshot by Mikkel Boedker.
15:38 of 2nd period - Stopped by Carey Price with a rebound.
15:52 of 2nd period - Minor Penalty to Patric Hornqvist for Cross-checking.
15:53 of 2nd period - Charlie Coyle wins face-off versus Ryan O'Reilly in Avalanche zone.
15:53 of 2nd period - Charlie Coyle is hit by Alex Pietrangelo.
16:25 of 2nd period - Slapshot by Alex Pietrangelo.
16:25 of 2nd period - Shot Misses the Net.
16:27 of 2nd period - Slapshot by Jake Gardiner.
16:27 of 2nd period - Shot Hit the Post.
17:44 of 2nd period - Charlie Coyle is hit by Alex Pietrangelo and loses puck.
17:52 of 2nd period - Penalty to Patric Hornqvist is over, Patric Hornqvist is back on ice.
18:51 of 2nd period - Slapshot by Yann Sauvé.
18:51 of 2nd period - Deflect By Brandon Yip.
18:51 of 2nd period - Shot Misses the Net.
18:51 of 2nd period - Puck is out of play.
18:52 of 2nd period - Paul Stastny wins face-off versus Vincent Lecavalier in Avalanche zone.
18:59 of 2nd period - Brandon Yip is hit by Paul Stastny and loses puck.
19:17 of 2nd period - Brandon Yip is hit by James Van Riemsdyk and loses puck.
19:24 of 2nd period - Paul Stastny is hit by Linus Omark.
19:42 of 2nd period - Slapshot by Paul Stastny.
19:42 of 2nd period - Stopped by Carey Price without a rebound.
19:43 of 2nd period - Bryan Little wins face-off versus Nicklas Backstrom in Blues zone.
19:46 of 2nd period - Wrist shot by Mikkel Boedker.
19:46 of 2nd period - Shot Misses the Net.
19:48 of 2nd period - Wrist shot by Bryan Little.
19:48 of 2nd period - Shot Blocked by Jake Gardiner.
19:50 of 2nd period - Slapshot by Colten Teubert.
19:50 of 2nd period - Shot Misses the Net.
19:54 of 2nd period - Wrist shot by Mikkel Boedker.
19:54 of 2nd period - Shot Misses the Net.
19:56 of 2nd period - Snap shot by Mikkel Boedker.
19:56 of 2nd period - Shot Misses the Net.
Goals for this period are 0 for Avalanche vs 3 for Blues.
Shots for this period are 7 for Avalanche vs 9 for Blues.
3rd period
0:01 of 3rd period - Nicklas Backstrom wins face-off versus Bryan Little in neutral zone.
0:12 of 3rd period - Snap shot by Nicklas Backstrom.
0:12 of 3rd period - Deflect By Tyler Johnson.
0:12 of 3rd period - Shot Misses the Net.
0:12 of 3rd period - Puck is out of play.
0:13 of 3rd period - Nicklas Backstrom wins face-off versus Bryan Little in Avalanche zone.
1:14 of 3rd period - Jake Gardiner is hit by Paul Stastny and loses puck.
1:24 of 3rd period - Off-side.
1:25 of 3rd period - Nicklas Backstrom wins face-off versus Kyle Turris in neutral zone.
2:39 of 3rd period - Wrist shot by Vincent Lecavalier.
2:39 of 3rd period - Stopped by Cam Ward with a rebound.
2:41 of 3rd period - Slapshot by Jacob Slavin.
2:41 of 3rd period - Shot Blocked by Marc Staal.
2:43 of 3rd period - Wrist shot by Linus Omark.
2:43 of 3rd period - Stopped by Cam Ward with a rebound.
2:45 of 3rd period - Slapshot by Cody Ceci.
2:45 of 3rd period - Shot Blocked by Jack Johnson.
3:19 of 3rd period - Erik Karlsson is hit by Ryan Murray and loses puck.
3:59 of 3rd period - Snap shot by Kevin Hayes.
3:59 of 3rd period - Stopped by Cam Ward with a rebound.
4:01 of 3rd period - Wrist shot by Yann Sauvé.
4:01 of 3rd period - Stopped by Cam Ward without a rebound.
4:02 of 3rd period - Mikkel Boedker wins face-off versus Nicklas Backstrom in Avalanche zone.
4:02 of 3rd period - Mikkel Boedker is hit by Tyler Johnson.
4:28 of 3rd period - Evgeny Dadonov is hit by Anthony Mantha and loses puck.
4:38 of 3rd period - Slapshot by Fabian Brunnstrom.
4:38 of 3rd period - Shot Misses the Net.
4:49 of 3rd period - Slapshot by Mattias Ekholm.
4:49 of 3rd period - Stopped by Carey Price with a rebound.
4:51 of 3rd period - Wrist shot by Danny Richmond.
4:51 of 3rd period - Deflect By Peter Prucha.
4:51 of 3rd period - Stopped by Carey Price with a rebound.
4:53 of 3rd period - Snap shot by Andrew Ladd.
4:53 of 3rd period - Deflect By Charlie Coyle.
4:53 of 3rd period - Shot Misses the Net.
4:53 of 3rd period - Puck is out of play.
4:54 of 3rd period - Bryan Little wins face-off versus Nicklas Backstrom in Blues zone.
5:02 of 3rd period - Slapshot by Nicklas Backstrom.
5:02 of 3rd period - Stopped by Cam Ward without a rebound.
5:03 of 3rd period - Bryan Little wins face-off versus Filip Forsberg in Avalanche zone.
5:40 of 3rd period - Snap shot by Mikkel Boedker.
5:40 of 3rd period - Stopped by Carey Price without a rebound.
5:41 of 3rd period - Charlie Coyle wins face-off versus Ryan O'Reilly in Blues zone.
6:08 of 3rd period - Yann Sauvé is hit by James Van Riemsdyk and loses puck.
6:20 of 3rd period - Yann Sauvé is hit by Erik Karlsson and loses puck.
7:00 of 3rd period - Off-side.
7:01 of 3rd period - Ryan O'Reilly wins face-off versus Bryan Little in neutral zone.
7:10 of 3rd period - Slapshot by David Perron.
7:10 of 3rd period - Shot Misses the Net.
7:12 of 3rd period - Wrist shot by Ryan O'Reilly.
7:12 of 3rd period - Stopped by Cam Ward with a rebound.
7:32 of 3rd period - Snap shot by Filip Forsberg.
7:32 of 3rd period - Shot Misses the Net.
7:34 of 3rd period - Snap shot by Filip Forsberg.
7:34 of 3rd period - Shot Blocked by Jack Johnson.
8:27 of 3rd period - Minor Penalty to Vincent Lecavalier for Hooking.
8:28 of 3rd period - Bryan Little wins face-off versus Drew Shore in Blues zone.
8:39 of 3rd period - Snap shot by Erik Karlsson.
8:39 of 3rd period - Shot Misses the Net.
8:43 of 3rd period - Wrist shot by Bryan Little.
8:43 of 3rd period - Stopped by Carey Price without a rebound.
8:44 of 3rd period - Bryan Little wins face-off versus Drew Shore in Blues zone.
8:51 of 3rd period - Snap shot by Mikkel Boedker.
8:51 of 3rd period - Stopped by Carey Price with a rebound.
8:53 of 3rd period - Wrist shot by Bryan Little.
8:53 of 3rd period - Stopped by Carey Price without a rebound.
8:54 of 3rd period - Patric Hornqvist wins face-off versus Drew Shore in Blues zone.
9:21 of 3rd period - Slapshot by Bryan Little.
9:21 of 3rd period - Shot Misses the Net.
9:23 of 3rd period - Slapshot by Jack Johnson.
9:23 of 3rd period - Stopped by Carey Price with a rebound.
9:25 of 3rd period - Snap shot by Patric Hornqvist.
9:25 of 3rd period - Goal by Patric Hornqvist - Avalanche : 4 - Blues : 5.
9:26 of 3rd period - Bryan Little wins face-off versus Nicklas Backstrom in neutral zone.
9:37 of 3rd period - Snap shot by Bryan Little.
9:37 of 3rd period - Shot Misses the Net.
9:39 of 3rd period - Backhand shot by Marc Staal.
9:39 of 3rd period - Stopped by Carey Price with a rebound.
10:28 of 3rd period - Snap shot by Ryan O'Reilly.
10:28 of 3rd period - Deflect By David Perron.
10:28 of 3rd period - Shot Misses the Net.
10:28 of 3rd period - Puck is out of play.
10:29 of 3rd period - Ryan O'Reilly wins face-off versus Bryan Little in Avalanche zone.
10:32 of 3rd period - Snap shot by David Perron.
10:32 of 3rd period - Stopped by Cam Ward with a rebound.
10:40 of 3rd period - Slapshot by Erik Karlsson.
10:40 of 3rd period - Stopped by Carey Price without a rebound.
10:41 of 3rd period - Bryan Little wins face-off versus Ryan O'Reilly in Blues zone.
10:42 of 3rd period - Snap shot by Patric Hornqvist.
10:42 of 3rd period - Shot Misses the Net.
10:44 of 3rd period - Snap shot by Mikkel Boedker.
10:44 of 3rd period - Shot Hit the Post.
10:46 of 3rd period - Snap shot by Erik Karlsson.
10:46 of 3rd period - Stopped by Carey Price with a rebound.
10:48 of 3rd period - Slapshot by Colten Teubert.
10:48 of 3rd period - Stopped by Carey Price without a rebound.
10:49 of 3rd period - Ryan O'Reilly wins face-off versus Bryan Little in Blues zone.
10:49 of 3rd period - Ryan O'Reilly is hit by Mikkel Boedker.
11:05 of 3rd period - Snap shot by Bryan Little.
11:05 of 3rd period - Stopped by Carey Price with a rebound.
11:07 of 3rd period - Wrist shot by Mikkel Boedker.
11:07 of 3rd period - Shot Misses the Net.
11:09 of 3rd period - Snap shot by Mikkel Boedker.
11:09 of 3rd period - Shot Misses the Net.
11:11 of 3rd period - Slapshot by Erik Karlsson.
11:11 of 3rd period - Shot Misses the Net.
11:17 of 3rd period - Snap shot by Bryan Little.
11:17 of 3rd period - Shot Misses the Net.
11:19 of 3rd period - Snap shot by Bryan Little.
11:19 of 3rd period - Stopped by Carey Price without a rebound.
11:20 of 3rd period - Nicklas Backstrom wins face-off versus Charlie Coyle in Blues zone.
11:37 of 3rd period - Backhand shot by Nicklas Backstrom.
11:37 of 3rd period - Stopped by Cam Ward with a rebound.
12:35 of 3rd period - Snap shot by Brandon Yip.
12:35 of 3rd period - Stopped by Cam Ward without a rebound.
12:36 of 3rd period - Bryan Little wins face-off versus Nicklas Backstrom in Avalanche zone.
12:36 of 3rd period - Bryan Little is hit by Jacob Slavin.
12:39 of 3rd period - Minor Penalty to Patric Hornqvist for Holding.
12:40 of 3rd period - Charlie Coyle wins face-off versus Nicklas Backstrom in Avalanche zone.
13:15 of 3rd period - Snap shot by Ryan O'Reilly.
13:15 of 3rd period - Stopped by Cam Ward with a rebound.
13:17 of 3rd period - Wrist shot by Kevin Hayes.
13:17 of 3rd period - Deflect By Filip Forsberg.
13:17 of 3rd period - Shot Misses the Net.
13:17 of 3rd period - Puck is out of play.
13:18 of 3rd period - Kevin Hayes wins face-off versus Charlie Coyle in Avalanche zone.
13:19 of 3rd period - Wrist shot by Ryan O'Reilly.
13:19 of 3rd period - Shot Misses the Net.
13:23 of 3rd period - Slapshot by Kevin Hayes.
13:23 of 3rd period - Shot Blocked by Marc Staal.
13:25 of 3rd period - Snap shot by Ryan O'Reilly.
13:25 of 3rd period - Shot Blocked by Luke Witkowski.
13:31 of 3rd period - Slapshot by Ryan O'Reilly.
13:31 of 3rd period - Shot Misses the Net.
14:39 of 3rd period - Penalty to Patric Hornqvist is over, Patric Hornqvist is back on ice.
14:49 of 3rd period - Jake Gardiner is hit by Marc Staal and loses puck.
15:00 of 3rd period - Snap shot by James Van Riemsdyk.
15:00 of 3rd period - Stopped by Carey Price without a rebound.
15:01 of 3rd period - Bryan Little wins face-off versus Vincent Lecavalier in Blues zone.
15:08 of 3rd period - Slapshot by Mikkel Boedker.
15:08 of 3rd period - Stopped by Carey Price with a rebound.
15:14 of 3rd period - Slapshot by Mikkel Boedker.
15:14 of 3rd period - Stopped by Carey Price without a rebound.
15:15 of 3rd period - Drew Shore wins face-off versus Charlie Coyle in Blues zone.
16:06 of 3rd period - Wrist shot by David Perron.
16:06 of 3rd period - Shot Misses the Net.
17:44 of 3rd period - Off-side.
17:45 of 3rd period - Tomas Tatar wins face-off versus Drew Shore in neutral zone.
18:23 of 3rd period - Backhand shot by Jacob Slavin.
18:23 of 3rd period - Stopped by Cam Ward without a rebound.
18:24 of 3rd period - Charlie Coyle wins face-off versus Drew Shore in Avalanche zone.
18:36 of 3rd period - Snap shot by Fabian Brunnstrom.
18:36 of 3rd period - Stopped by Cam Ward without a rebound.
18:37 of 3rd period - Drew Shore wins face-off versus Charlie Coyle in Avalanche zone.
18:50 of 3rd period - Avalanche, Cam Ward is pulled from the net.
19:02 of 3rd period - Minor Penalty to Fabian Brunnstrom for Unsportsmanlike conduct.
19:03 of 3rd period - Drew Shore wins face-off versus Bryan Little in Blues zone.
Goals for this period are 1 for Avalanche vs 0 for Blues.
Shots for this period are 17 for Avalanche vs 12 for Blues.
Output by the SimonT Hockey Simulator (STHS) for Francois Prevost